 Dungeon Crawl Stone Soup version 0.22.1-2-g9c5b331 (webtiles) character file.

891 systemy the Cleaver (level 7, -14/61 HPs)
             Began as a Minotaur Berserker on Dec 28, 2018.
             Was a Priest of Trog.
             Engulfed by a cloud of flame (28 damage)
             ... on level 4 of the Dungeon.
             The game lasted 00:06:45 (2635 turns).

systemy the Cleaver (Minotaur Berserker)            Turns: 2635, Time: 00:06:46

Health: -14/61     AC:  9    Str: 23    XL:     7   Next: 78%
Magic:  6/6        EV:  9    Int:  4    God:    Trog [***...]
Gold:   137        SH:  0    Dex: 10    Spells: 6/6 levels left

rFire    . . .     SeeInvis .   a - +0 hand axe
rCold    . . .     Gourm    .   (no shield)
rNeg     . . .     Faith    .   j - +0 chain mail
rPois    .         Spirit   .   (helmet restricted)
rElec    .         Reflect  .   (no cloak)
rCorr    .         Harm     .   (no gloves)
MR       ++...                  (no boots)
Stlth    ..........             (no amulet)
HPRegen  1.20/turn              (no ring)
MPRegen  0.10/turn              (no ring)

@: berserk cooldown, regenerating, slowed, very slow
A: retaliatory headbutt, horns 2
a: Berserk, Trog's Hand, Renounce Religion


You were on level 4 of the Dungeon.
You worshipped Trog.
Trog was most pleased with you.
You were very hungry.

You visited 1 branch of the dungeon, and saw 4 of its levels.

You collected 137 gold pieces.

Inventory:

Hand Weapons
 a - a +0 hand axe (weapon)
Armour
 b - a +0 animal skin
 j - a +0 chain mail (worn)
Jewellery
 o - an uncursed amulet of the gourmand {unknown}
 q - a cursed ring of attention {unknown}
Scrolls
 d - 7 scrolls of identify {unknown}
 g - a scroll of teleportation {unknown}
 h - a scroll of magic mapping {unknown}
 i - 2 scrolls of enchant armour {unknown}
 m - a scroll of blinking {unknown}
 n - a scroll of enchant weapon {unknown}
 p - a scroll of fear {unknown}
 r - a scroll of immolation {unknown}
Potions
 e - 2 potions of cancellation {unknown}
 f - a potion of magic {unknown}
 k - 2 potions of haste {unknown}
 l - a potion of lignification {unknown}
 s - a potion of resistance
Comestibles
 c - 7 rations


   Skills:
 + Level 5.5 Fighting
 * Level 9.2 Axes
 + Level 4.6 Armour
 + Level 3.2 Dodging


You had 6 spell levels left.
You didn't know any spells.
Your spell library was empty.

Dungeon Overview and Level Annotations

Branches:
Dungeon (4/15)
 Temple: D:4-7

Altars:
Qazlal

Annotations:
D:4 1 transporter


Innate Abilities, Weirdness & Mutations

You reflexively headbutt those who attack you in melee.
You have a pair of horns on your head.


Message History

You feel your anger nearly subside.
You are no longer berserk.
You are exhausted.
You feel yourself slow down.
Your skin crawls.
You feel resistant to hostile enchantments.
You feel somewhat more hungry.
Really walk into that cloud of flame? [Y]es or [N]o only, please.
Really walk into that cloud of flame?
Uppercase [Y]es or [N]o only, please.
Really walk into that cloud of flame?
Really walk into a travel-excluded area? [Y]es or [N]o only, please.
Really walk into a travel-excluded area?
You are engulfed in blazing flames.
There is an open gate here.
You are engulfed in blazing flames.
* * * LOW HITPOINT WARNING * * *
You are engulfed in blazing flames.
You die...

#.######.........# #....).# #.#
########### #......# #.#
#......#### #.# #######
#......'... ..### ########§§§§§#
#......#### ....#
#§§§§§§#§§§§§###......#
###.####§§§§§§#§§§§§###......#
###....#§§#.#.§§§.$!#........#
......©#§§©...§§@.[©#©.....>.#
.####..#§§#.#.§§§.$:#..####'#####
.####..#§§§§§§#§§§§§#### #......
....####§§§§§§#§§§§§## #......
.....# ########§§§§§# #......
.....# ####### #.##### .....#
#.##### .....#############
#.#.... .................#
##÷#....


There were no monsters in sight!

Vanquished Creatures
  Grinder (D:3)
  2 fire bats (D:4)
  An orc priest (D:4)
  4 orc wizards (D:4)
  3 worker ants (D:4)
  A hound skeleton (D:4)
  A howler monkey skeleton (D:4)
  10 adders
  An ooze (D:3)
  2 dart slugs (D:1)
  3 leopard geckos
  10 orcs
  3 bats
  4 giant cockroaches
  8 goblins
  6 hobgoblins
  10 jackals
  4 frilled lizards
  4 kobolds
  2 quokka skeletons (D:4)
  8 rats
88 creatures vanquished.

Notes
Turn   | Place    | Note
-------+----------+-------------------------------------------
     0 | D:1      | systemy the Minotaur Berserker began the quest for the Orb.
     0 | D:1      | Reached XP level 1. HP: 19/19 MP: 0/0
   154 | D:1      | Reached XP level 2. HP: 26/27 MP: 1/1
   242 | D:1      | Reached skill level 4 in Axes
   709 | D:2      | Reached XP level 3. HP: 29/33 MP: 2/2
   810 | D:2      | Reached ** piety under Trog
  1125 | D:3      | Reached skill level 5 in Axes
  1125 | D:3      | Reached XP level 4. HP: 37/41 MP: 3/3
  1620 | D:3      | Reached XP level 5. HP: 40/47 MP: 4/4
  1716 | D:3      | Noticed Grinder
  1718 | D:3      | Paralysed by Grinder for 6 turns
  1727 | D:3      | Paralysed by Grinder for 2 turns
  1736 | D:3      | Paralysed by Grinder for 7 turns
  1745 | D:3      | Killed Grinder
  1745 | D:3      | Reached skill level 5 in Fighting
  1745 | D:3      | Reached skill level 7 in Axes
  1745 | D:3      | Reached XP level 6. HP: 26/56 MP: 5/5
  1937 | D:4      | Found a stormy altar of Qazlal.
  1938 | D:4      | Noticed an air elemental
  1940 | D:4      | Noticed a fire elemental
  1940 | D:4      | Noticed a water elemental
  1998 | D:4      | Reached *** piety under Trog
  2052 | D:4      | Found a transporter.
  2201 | D:4      | Reached XP level 7. HP: 51/61 MP: 6/6
  2331 | D:4      | Reached skill level 8 in Axes
  2534 | D:4      | Found a transporter.
  2560 | D:4      | Noticed a fire bat
  2560 | D:4      | Noticed a fire bat
  2625 | D:4      | Killed a fire bat
  2626 | D:4      | Killed a fire bat
  2626 | D:4      | Reached skill level 9 in Axes
  2635 | D:4      | Engulfed by a cloud of flame

Skill      XL: |  1  2  3  4  5  6  7 |
---------------+----------------------+-----
Fighting       | 4 5 |  5.5
Axes           | 4 5 7 9 |  9.2
Armour         | 3 4 |  4.6
Dodging        | 3 |  3.2

Action                   |  1- 3 |  4- 6 |  7- 9 || total
-------------------------+-------+-------+-------++-------
Melee: Hand axe          |    83 |   113 |    36 ||   232
       Headbutt          |    12 |    16 |     9 ||    37
Invok: Berserk           |       |     1 |     1 ||     2
       Trog's Hand       |       |       |     1 ||     1
 Stab: Sleeping          |     2 |       |       ||     2
  Eat: Chunk             |     1 |     1 |     1 ||     3
       Ration            |       |     1 |       ||     1
Armor: Animal skin       |    12 |       |       ||    12
       Chain mail        |    22 |    67 |    18 ||   107
Dodge: Dodged            |    50 |    57 |    19 ||   126
